 Dungeon Crawl Stone Soup version 0.27.1-3-gb3d3a73c9e (webtiles) character file.

Game seed: 16210609272017938822

157 jlumianski the Shield-Bearer (level 5, -5/32 HPs)
             Began as a Gargoyle Fighter on Oct 24, 2021.
             Slain by a gnoll (7 damage)
             ... on level 4 of the Dungeon.
             The game lasted 00:12:18 (3355 turns).

jlumianski the Shield-Bearer (Gargoyle Fighter)     Turns: 3355, Time: 00:12:19

Health: -5/32      AC: 12    Str: 21    XL:     5   Next: 38%
Magic:  5/5        EV:  7    Int:  8    God:
Gold:   49         SH:  9    Dex:  9    Spells: 4/4 levels left

rFire    . . .     SeeInvis .   a - +0 war axe
rCold    . . .     Faith    .   c - +0 kite shield
rNeg     + . .     Spirit   .   b - +0 scale mail
rPois    ∞         Reflect  .   (no helmet)
rElec    +         Harm     .   p - +0 cloak
rCorr    .         Rampage  .   (no gloves)
Will     .....                  (no boots)
Stlth    ..........             (no amulet)
HPRegen  0.10/turn              (no ring)
MPRegen  0.09/turn              (no ring)

@: mighty
A: sickness immunity, AC +4, negative energy resistance 1, electricity
resistance, torment resistance 1, petrification resistance
a: no special abilities


You were on level 4 of the Dungeon.
You visited 1 branch of the dungeon, and saw 4 of its levels.

You collected 49 gold pieces.

Inventory:

Hand Weapons
 a - a +0 war axe (weapon)
 i - a +4 vampiric spear
 q - a +1 hunting sling of flaming
 s - a +0 arbalest
Missiles
 e - 18 sling bullets
 n - 10 boomerangs (quivered)
 o - 64 stones
 r - 4 boomerangs of dispersal
Armour
 b - a +0 scale mail (worn)
 c - a +0 kite shield (worn)
 p - a +0 cloak (worn)
Scrolls
 j - a scroll of immolation
 l - 2 scrolls of identify {unknown}
 m - a scroll of magic mapping {unknown}
 t - a scroll of silence {unknown}
Potions
 f - a potion of flight {unknown}
 g - 3 potions of degeneration {unknown}
 h - a potion of haste {unknown}
 k - a potion of heal wounds {unknown}


   Skills:
 + Level 3.6 Fighting
 + Level 2.9 Axes
 + Level 0.5 Slings
 + Level 0.1(0.3) Throwing
 + Level 4.1 Armour
 + Level 0.9 Dodging
 + Level 0.3 Stealth
 + Level 4.4 Shields


You had 4 spell levels left.
You didn't know any spells.
Your spell library contained the following spells:

 Spells                   Type           Power      Damage    Failure   Level
 Slow                     Hex            0%         N/A       100%        2
 Confusing Touch          Hex            0%         N/A       100%        3
 Vampiric Draining        Necr           0%         2d6       100%        3
 Dispersal                Tloc           0%         N/A       100%        6
 Disjunction              Tloc           0%         N/A       100%        8


Dungeon Overview and Level Annotations

Branches:
Dungeon (4/15)
 Temple: D:4-7

Altars:
Vehumet

Annotations:
D:3 2 transporters, 12sPaWn12's ghost, amateur GrFi
D:4 3 runed translucent doors, jlumianski's ghost, amateur OpTm


Innate Abilities, Weirdness & Mutations

You are immune to sickness and miasma.
Your stone body is resilient. (AC +4)
You are immune to poison.
You resist negative energy. (rN+)
You are resistant to electric shocks. (rElec)
You are resistant to unholy torment.
You are immune to petrification.


Message History

You kill the gnoll!
The gnoll hits you with a +0 spear.
Things that are here:
a +0 club; a gnoll corpse You slash the gnoll!
The gnoll is almost dead.
The gnoll hits you but does no damage. The gnoll hits you with a +0 spear.
You closely miss the gnoll.
The gnoll is almost dead.
The gnoll hits you with a +0 spear.
A gnoll comes into view.
It is wielding a +2 flail of protection.
The gnoll hits you but does no damage.
You closely miss the gnoll.
The gnoll is almost dead.
The gnoll shouts!
You hear a shout!
The gnoll hits you but does no damage.
You slash the gnoll!
You kill the gnoll!
The gnoll hits you with a +2 flail of protection!
You see here a +0 spear.
You closely miss the gnoll.
The gnoll hits you with a +2 flail of protection!
* * * LOW HITPOINT WARNING * * *
You closely miss the gnoll. The gnoll barely misses you.
You block the gnoll's attack.
You feel very mighty all of a sudden.
The gnoll hits you with a +2 flail of protection!
* * * LOW HITPOINT WARNING * * *
You hit the gnoll.
The gnoll is moderately wounded.
The gnoll hits you with a +2 flail of protection.
* * * LOW HITPOINT WARNING * * *
You closely miss the gnoll.
The gnoll is moderately wounded.
The gnoll hits you but does no damage. x2
You slash the gnoll!
The gnoll is severely wounded.
The gnoll closely misses you.
The gnoll hits you with a +2 flail of protection!
You die...

.# .# gg .# .#
##.#. .#
##.#..
#########.#
#.#...#
#...)@gg..#
.#....#
#.######.....#
#.....# #.#
#.####.#
......# #.#
#.#
......######.#
#.#
.............#
#.#
.......#######
#.# ...##..#
#.# ..
#..########


You could see 2 gnolls.

Vanquished Creatures
  An orc wizard (D:3)
  5 adders
  2 gnolls (D:4)
  3 worms
  5 orcs
  7 bats
  6 endoplasms
  5 giant cockroaches
  2 hobgoblins
  3 jackals (D:3)
  2 quokkas
  6 ball pythons
  3 frilled lizards
  3 goblins
  2 kobolds
  4 rats
59 creatures vanquished.

Notes
Turn   | Place    | Note
-------+----------+-------------------------------------------
     0 | D:1      | jlumianski the Gargoyle Fighter began the quest for the
                  | Orb.
     0 | D:1      | Reached XP level 1. HP: 14/14 MP: 1/1
   478 | D:1      | Reached XP level 2. HP: 18/19 MP: 2/2
   524 | D:1      | Found a faded altar of an unknown god.
  1074 | D:2      | Reached XP level 3. HP: 14/23 MP: 3/3
  1701 | D:2      | Found a radiant altar of Vehumet.
  2053 | D:3      | Found a transporter.
  2053 | D:3      | Noticed 12sPaWn12's ghost (amateur GrFi)
  2058 | D:3      | Found a transporter.
  2181 | D:3      | Reached XP level 4. HP: 26/28 MP: 4/4
  2573 | D:3      | Reached XP level 5. HP: 23/32 MP: 5/5
  3049 | D:4      | Noticed jlumianski's ghost (amateur OpTm)
  3051 | D:4      | Noticed a kobold brigand
  3058 | D:4      | Found a runed translucent gate.
  3058 | D:4      | Found a runed translucent gate.
  3058 | D:4      | Found a runed translucent gate.
  3353 | D:4      | HP: 1/32 [gnoll (1)]
  3355 | D:4      | Slain by a gnoll

Illustrated notes

Levels and vault maps discovered:
D:1:      ebering_hopf_link, layout_basic, hellmonk_ecumenical_altar_blasted
D:2:      layout_basic, basic_altar, nrook_uturn
D:3:      layout_basic, gammafunk_ghost_mausoleum
D:4:      wad_pebble_path, layout_loops_ring, gammafunk_ghost_nasty_kobolds,
          grunt_decor_mini_mirrors

Skill      XL: |  1  2  3  4 |
---------------+-------------+-----
Axes           | 2 |  2.9
Shields        | 4 |  4.4
Armour         | 4 |  4.1
Fighting       | |  3.6
Slings         | |  0.5
Throwing       | |  0.1
Dodging        | |  0.9
Stealth        | |  0.3

Action                   |  1- 3 |  4- 6 || total
-------------------------+-------+-------++-------
Melee: War axe           |   130 |    86 ||   216
       Hunting sling     |    21 |       ||    21
 Fire: Hunting sling     |     8 |       ||     8
Throw: Boomerang         |     6 |       ||     6
  Use: Potion            |       |     1 ||     1
Armor: Scale mail        |   111 |    37 ||   148
Dodge: Dodged            |    61 |    20 ||    81
Block: Kite shield       |    94 |    56 ||   150
